 Dungeon Crawl Stone Soup version 0.28.0-45-g0d030f2227 (webtiles) character file.

Game seed: 15653441382467658339

80 pkoi the Insei (level 3, -2/29 HPs)
             Began as a Demigod Gladiator on Apr 25, 2022.
             Succumbed to an orc's poison
             ... on level 3 of the Dungeon.
             The game lasted 00:02:55 (3031 turns).

pkoi the Insei (Demigod Gladiator)                  Turns: 3031, Time: 00:02:56

Health: -2/29      AC: 10    Str: 15    XL:     3   Next: 98%
Magic:  5/5        EV:  7    Int: 14    God:
Gold:   88         SH:  0    Dex: 15    Spells: 2/2 levels left

rFire   . . .      SeeInvis +     - Unarmed
rCold   . . .      Faith    .   (no shield)
rNeg    . . .      Spirit   .   e - +0 chain mail
rPois   .          Reflect  .   b - +1 helmet
rElec   .          Harm     .   (no cloak)
rCorr   .          Rampage  .   (no gloves)
Will    .....                   (no boots)
Stlth   ..........              (no amulet)
HPRegen 0.09/turn               n - ring of flight
MPRegen 0.09/turn               h - ring of see invisible

@: lethally poisoned (-2 -> -17), flying
A: high MP 1, forlorn, divine attributes
a: no special abilities


You were on level 3 of the Dungeon.
You visited 1 branch of the dungeon, and saw 3 of its levels.

You collected 88 gold pieces.

Inventory:

Hand Weapons
 g - a +0 dagger
 j - a +1 dagger of draining
 k - a +0 longbow
 m - a +0 mace
Missiles
 c - 3 throwing nets (quivered)
Armour
 a - a +0 leather armour
 b - a +1 helmet (worn)
 e - a +0 chain mail (worn)
Jewellery
 h - a ring of see invisible (right hand)
 n - a ring of flight (left hand)
Scrolls
 f - 2 scrolls of identify
Potions
 d - a potion of magic


   Skills:
 - Level 1.7 Fighting
 - Level 1.7 Throwing
 - Level 2.6 Dodging
 + Level 4.6 Unarmed Combat


You had 2 spell levels left.
You didn't know any spells.
Your spell library was empty.

Dungeon Overview and Level Annotations

Branches:
Dungeon (3/15)


Innate Abilities, Weirdness & Mutations

You have an increased reservoir of magic. (+10% MP)
You shall have no god before yourself.
Your divine heritage dramatically boosts your attributes as you level up.


Message History

An orc is nearby!
An orc wizard comes into view. It is wielding a +0 dagger.
There is a broken door here.
An orc comes into view. It is wielding a +0 flail.
The orc wizard shouts!
The orc shouts!
You hear a shout!
The orc hits you but does no damage.
You are poisoned.
You completely miss the orc.
You feel sick. The orc barely misses you.
You closely miss the orc.
You feel sick. The orc hits you but does no damage.
You are more poisoned.
You feel very sick.
The orc wizard mumbles some strange words.
The orc wizard flickers and vanishes for a moment.
There is a broken door here.
You hit the orc.
The orc is severely wounded.
You feel sick.
The orc hits you with a +1 dagger of venom.
* * * LOW HITPOINT WARNING * * *
You are lethally poisoned!
You hit the orc.
The orc is almost dead.
* * * LOW HITPOINT WARNING * * *
You feel very sick. The orc hits you but does no damage.
You are more poisoned.
You closely miss the orc.
The orc is almost dead.
* * * LOW HITPOINT WARNING * * *
You feel very sick.
You hit the orc but do no damage.
The orc is almost dead.
* * * LOW HITPOINT WARNING * * *
You feel very sick.
The orc hits you with a +1 dagger of venom.
* * * LOW HITPOINT WARNING * * *
Unknown command.
You hit the orc.
You kill the orc!
You die...

#..### ...
#....# #
#....##### ...
#>...#
##.#.†#..# ...
######
#..#.....####'##
#..........#...#
#..........#8.8#
#.########.#oo.#
#. #.##)# #.
#..#@# ##...#
#####


You could see an orc wizard (invisible) and an orc.

Vanquished Creatures
  An adder (D:3)
  A dart slug (D:1)
  5 orcs (D:3)
  5 bats
  3 bat zombies (D:3)
  3 endoplasms
  3 giant cockroaches
  5 hobgoblins
  6 kobolds
  2 quokkas
  7 ball pythons
  6 frilled lizards
  10 goblins
  4 rats
  2 rat zombies (D:3)
63 creatures vanquished.

Notes
Turn   | Place    | Note
-------+----------+-------------------------------------------
     0 | D:1      | pkoi the Demigod Gladiator began the quest for the Orb.
     0 | D:1      | Reached XP level 1. HP: 17/17 MP: 3/3
   398 | D:1      | Reached skill level 3 in Unarmed Combat
   485 | D:1      | Reached XP level 2. HP: 21/24 MP: 4/4
  1881 | D:2      | Reached XP level 3. HP: 26/26 MP: 5/5
  1948 | D:2      | Reached skill level 4 in Unarmed Combat
  3030 | D:3      | HP: 1/29 [orc/+1 dagger of venom (4)]
  3031 | D:3      | Succumbed to an orc's poison

Illustrated notes

Levels and vault maps discovered:
D:1:      dpeg_arrival_three_smaller_balls, layout_basic,
          hellmonk_ecumenical_altar_run_dry, st_stairs_6
D:2:      layout_loops_ring
D:3:      layout_basic, lemuel_zombie_altar_kikubaaqudgha, portal_sewer_entry_e,
          pf_guarded_unrand_delatra

Skill      XL: |  1  2  3 |
---------------+----------+-----
Unarmed Combat | 3 4 |  4.6
Fighting       | |  1.7
Throwing       | |  1.7
Dodging        | |  2.6

Action                   || total
-------------------------++-------
Melee: Unarmed           ||   242
       Punch             ||     5
  Use: Scroll            ||     4
Armor: Leather armour    ||     9
       Chain mail        ||   143
Dodge: Dodged            ||   107
